Map: Neon Violet Square LE

Players

OhMyǃBANANAǃ - Winner!

  • Race: Terran Terran
  • League: Master
  • Spawn Location: 11:00

besound

  • Race: Terran Terran
  • League: Master
  • Spawn Location: 5:00

VOD

Have the link to the VOD?

Description

Time

  • Played on: Feb. 16, 2025, 8 p.m.
  • Length: 3:10
Show
View Real Time Build Order
Export as new Build Order

OhMyǃBANANAǃ Terran - Winner!

Build Orders:  

Get SALT Encoding   

  12  0:33  Supply Depot  
  12  1:00  Barracks  
  12  1:01  Barracks  
  12  1:18  Barracks  
  12  1:26  Barracks  
  12  1:47  Orbital Command  
  12  1:48  Marine  
  12  1:49  Marine  
  14  2:05  Marine  
  14  2:06  Marine  
  16  2:09  Marine  
  17  2:21  Marine  
  18  2:23  Marine  
  18  2:24  Marine  
  18  2:27  Marine  
  21  2:32  SCV  
  22  2:40  Refinery, Marine  
  23  2:59  Bunker  
Show
View Real Time Build Order
Export as new Build Order

besound Terran 

Build Orders:  

Get SALT Encoding   

  12  0:10  SCV  
  13  0:22  SCV  
  14  0:29  Supply Depot  
  14  0:34  SCV  
  15  0:36  Supply Depot  
  15  0:57  Barracks  
  15  1:12  SCV  
  15  1:13  Refinery  
  15  1:15  Refinery  
  16  1:25  SCV  
  17  1:28  Barracks  
  17  1:37  SCV  
  18  1:50  Orbital Command  
  18  1:55  Marine  
  19  2:01  Barracks  
  19  2:16  Marine  
  19  2:17  Marine  
  21  2:34  Marine  
  21  2:35  Marine  
  22  2:40  Bunker  
  22  2:44  SCV  
Tags
 
Add a new tag
Caveats
  • Supply blocks, unpowered buildings, or Contaminate may cause inaccurate times.
  • Supply counts are checked every 10 seconds.